 Dungeon Crawl Stone Soup version 0.29-a0-284-gf9362112df (webtiles) character file.

Game seed: 11839467800469700520

320 siradein the Skirmisher (level 6, -5/61 HPs)
             Began as a Troll Fighter on Mar 25, 2022.
             Killed from afar by Grinder (11 damage)
             ... with a puff of flame
             ... while paralysed by Grinder
             ... on level 3 of the Dungeon.
             The game lasted 00:07:18 (2648 turns).

siradein the Skirmisher (Troll Fighter)             Turns: 2648, Time: 00:07:19

Health: -5/61      AC:  4    Str: 25    XL:     6   Next: 22%
Magic:  5/5        EV:  1    Int: 10    God:
Gold:   61         SH:  0    Dex: 11    Spells: 5/5 levels left

rFire   . . .      SeeInvis .   a - +0 flail
rCold   + . .      Faith    .   s - +0 tower shield
rNeg    . . .      Spirit   .   y - +0 animal skin
rPois   .          Reflect  .   (helmet restricted)
rElec   .          Harm     .   (no cloak)
rCorr   .          Rampage  .   (gloves unavailable)
Will    .....                   (boots unavailable)
Stlth   +.........              (no amulet)
HPRegen 1.00/turn               q - +6 ring of intelligence
MPRegen 0.09/turn               t - ring of protection from cold

@: paralysed
A: large, unfitting armour, claws 3, regeneration 1, shaggy fur 1, tough skin 1
a: no special abilities


You were on level 3 of the Dungeon.
You visited 1 branch of the dungeon, and saw 4 of its levels.

You collected 124 gold pieces.
You spent 63 gold pieces at shops.

Inventory:

Hand Weapons
 a - a +0 flail (weapon)
Missiles
 c - 4 poisoned darts
 m - 4 boomerangs (quivered)
Armour
 s - a +0 tower shield (worn)
 y - a +0 animal skin (worn)
Jewellery
 q - a +6 ring of intelligence (left claw)
 t - a ring of protection from cold (right claw)
Wands
 w - a wand of iceblast (3)
Scrolls
 b - a scroll of immolation {unknown}
 e - a scroll of silence {unknown}
 h - 3 scrolls of fog {unknown}
 i - 2 scrolls of identify {unknown}
 j - a scroll of blinking {unknown}
 k - 2 scrolls of magic mapping {unknown}
 l - a scroll of noise {unknown}
 n - a scroll of amnesia {unknown}
 p - a scroll of holy word {unknown}
 x - a scroll of enchant armour {unknown}
Potions
 d - 2 potions of might
 f - a potion of ambrosia {unknown}
 g - 4 potions of curing {unknown}
 o - 2 potions of mutation {unknown}
 r - 2 potions of brilliance {unknown}
 u - a potion of flight {unknown}
 v - a potion of lignification {unknown}
 z - a potion of magic {unknown}


   Skills:
 + Level 3.6 Fighting
 + Level 3.3 Maces & Flails
 + Level 3.5 Dodging
 + Level 3.5 Shields


You had 5 spell levels left.
You didn't know any spells.
Your spell library contained the following spells:

 Spells                   Type           Power      Damage    Failure   Level
 Inner Flame              Hex/Fire       0%         N/A       100%        3
 Cause Fear               Hex            0%         N/A       100%        4
 Fulminant Prism          Conj/Hex       0%         3d6       100%        4
 Iskenderun's Mystic Bla  Conj/Tloc      0%         2d3       100%        4
 Lee's Rapid Deconstruct  Erth           0%         3d5*      100%        5
 Discord                  Hex            0%         N/A       100%        8


Dungeon Overview and Level Annotations

Branches:
Dungeon (4/15)
 Temple: D:4-7

Altars:

Shops:
D:2 [

Annotations:
D:3 Grinder


Innate Abilities, Weirdness & Mutations

You are too large for most types of armour.
You have claws for hands.
Your natural rate of healing is unusually fast.
You are covered in fur. (AC +1)
You have tough skin. (AC +1)


Message History

You are too injured to fight recklessly!
You are too injured to fight recklessly!
You are too injured to fight recklessly!
You hit Grinder but do no damage.
Grinder is almost dead.
Grinder hits you but does no damage.
You hit Grinder but do no damage.
Grinder is almost dead.
Grinder hits you!
You writhe in agony.
* * * LOW HITPOINT WARNING * * *
Grinder zaps a wand.
The puff of flame misses you.
You hit Grinder.
Grinder is almost dead.
Grinder hits you!
* * * LOW HITPOINT WARNING * * *
You writhe in agony.
* * * LOW HITPOINT WARNING * * *
You closely miss Grinder.
Grinder is almost dead.
Grinder blinks!
Grinder blinks!
Grinder says, "I used to sell toenails on the black market."
Grinder zaps a wand.
The puff of flame misses you.
You start resting.
Grinder is nearby!
Grinder hits you.
* * * LOW HITPOINT WARNING * * *
You writhe in agony.
* * * LOW HITPOINT WARNING * * *
You hit Grinder.
Grinder is almost dead.
Grinder gestures at you.
You suddenly lose the ability to move!
Grinder hits you.
* * * LOW HITPOINT WARNING * * *
You writhe in agony.
* * * LOW HITPOINT WARNING * * *
Grinder hits you but does no damage.
Grinder zaps a wand.
The puff of flame hits you!
You die...

.# #.#######.#.# .## #.#
#.#.# ..# #.#######.#.#
..# #.#.......#.#
..#####.#.#######.#
......#.#..#......######
'####.#.#..#.###.......#
...##.#.##.#.# #.####.##
...##.#......###@# #.#
....)........>.5.####.#
##.##.#.............#.#
......#.#.#########.#.#
...####.#.............#
....)<#....########.###
....#.#...## #.#
..).###...# #.#
..........# #.#


You could see Grinder.

Vanquished Creatures
  Sigmund (D:3)
  Jessica (D:3)
  Robin (D:3)
  2 adders
  2 worms (D:3)
  2 dart slugs (D:1)
  An orc (D:4)
  3 bats
  5 endoplasms
  4 giant cockroaches (D:1)
  16 goblins
  10 hobgoblins
  6 jackals
  6 kobolds
  A quokka (D:1)
  11 ball pythons
  7 frilled lizards
  5 rats
84 creatures vanquished.

Vanquished Creatures (others)
  Ijyb (D:3)
1 creature vanquished.

Grand Total: 85 creatures vanquished

Notes
Turn   | Place    | Note
-------+----------+-------------------------------------------
     0 | D:1      | siradein the Troll Fighter began the quest for the Orb.
     0 | D:1      | Reached XP level 1. HP: 22/22 MP: 0/0
   139 | D:1      | Reached XP level 2. HP: 28/29 MP: 1/1
   352 | D:1      | Reached XP level 3. HP: 36/36 MP: 2/2
   632 | D:1      | Found a faded altar of an unknown god.
  1375 | D:2      | Found Paomil's Armour Shop.
  1384 | D:2      | Bought a +0 tower shield for 63 gold pieces
  1447 | D:3      | Noticed Sigmund
  1666 | D:3      | Noticed Jessica
  1691 | D:3      | Killed Jessica
  1692 | D:3      | Reached XP level 4. HP: 40/45 MP: 3/3
  1990 | D:3      | Noticed Ijyb
  2015 | D:3      | Killed Ijyb
  2228 | D:3      | Killed Sigmund
  2229 | D:3      | Reached XP level 5. HP: 53/53 MP: 4/4
  2229 | D:3      | Reached XP level 6. HP: 61/61 MP: 5/5
  2325 | D:3      | Noticed Robin
  2362 | D:3      | Killed Robin
  2564 | D:4      | Noticed Grinder
  2586 | D:4      | Paralysed by Grinder for 6 turns
  2603 | D:3      | Paralysed by Grinder for 4 turns
  2622 | D:3      | Paralysed by Grinder for 3 turns
  2645 | D:3      | Paralysed by Grinder for 6 turns
  2648 | D:3      | Killed from afar by Grinder

Illustrated notes

Levels and vault maps discovered:
D:1:      dpeg_arrival_rooms_b, layout_loops_ring,
          hellmonk_ecumenical_altar_leap_of_faith
D:2:      layout_basic, serial_shops, nicolae_lakefront_shop
D:3:      layout_basic, uniq_ijyb, uniq_sigmund, uniq_robin, uniq_jessica
D:4:      layout_rooms, minmay_misc_feat_rows, uniq_grinder,
          uniq_crazy_yiuf_cottage

Skill      XL: |  1  2  3  4 |
---------------+-------------+-----
Maces & Flails | 2 3 |  3.3
Fighting       | 3 |  3.6
Dodging        | 3 |  3.5
Shields        | 3 |  3.5

Action                   |  1- 3 |  4- 6 || total
-------------------------+-------+-------++-------
Melee: Flail             |   159 |   136 ||   295
Evoke: Wand              |       |     1 ||     1
 Stab: Sleeping          |     1 |       ||     1
Armor: Robe              |    64 |    40 ||   104
       Animal skin       |       |    13 ||    13
Dodge: Dodged            |    71 |    50 ||   121
Block: Kite shield       |    71 |       ||    71
       Tower shield      |     7 |   100 ||   107

Table legend: (Time is in decaauts)
 A = Elapsed time spent in this place.
 B = Non-inter-level travel time spent in this place.
 C = Inter-level travel time spent in this place.
 D = Time resting spent in this place.
 E = Time spent auto-exploring this place.
 F = Levels seen in this place.
 G = Mean time per level.
                   A        B        C        D        E       F      G
               +--------+--------+--------+--------+--------+-----+--------+
         Total |   2795 |   2710 |     85 |     38 |   1693 |   4 |  698.8 |
       Dungeon |   2795 |   2710 |     85 |     38 |   1693 |   4 |  698.8 |
               +--------+--------+--------+--------+--------+-----+--------+

Top non-repeatable levels by time:
     D:3: 1099 daAuts
     D:1: 845 daAuts
     D:2: 738 daAuts
     D:4: 111 daAuts
